 Dungeon Crawl Stone Soup version 0.31-a0-277-g31ea1f65cc (webtiles) character file.

Game seed: 17536481965562398983

14744 Monkooky the Martial Artist (level 11, -18/156 HPs)
             Began as a Vampire Shapeshifter on July 15, 2023.
             Was an Elder of Trog.
             Demolished by an ettin
             ... wielding a +0 dire flail
              (26 damage)
             ... on level 11 of the Dungeon.
             The game lasted 00:21:33 (10844 turns).

Monkooky the Martial Artist (Vampire Shapeshifter) Turns: 10844, Time: 00:21:34

Health: -18/156    AC:  9    Str: 21    XL:     11   Next: 92%
Magic:  11/11      EV: 13    Int: 11    God:    Trog [****..]
Gold:   314        SH:  0    Dex: 17    Spells: 10/10 levels left

rFire   . .          .
                       - Unarmed
rCold   . . .        (shield currently unavailable)
rNeg    . . .        C - melded +0 acid dragon scales
rPois   .            q - melded +0 helmet
rElec   .            y - melded +0 cloak
rCorr   +            w - melded +0 pair of gloves {infuse}
SInv    +            j - melded +2 pair of boots
Will    +....        (no amulet) Stlth
                     k - ring of resist corrosion
HPRegen 0.66/turn    e - ring of flight
MPRegen 0.12/turn

%: no passive effects
@: berserking, snake-form, flying, healing quickly, very quick
A: constrict, boosted hp, large, alive, (fangs 3), see invisible, vampiric 2
a: Exsanguinate, Begin Untransformation, Renounce Religion, Berserk, Trog's
Hand, Brothers in Arms


You were on level 11 of the Dungeon.
You worshipped Trog.
Trog was greatly pleased with you.
You were an enormous anaconda.
You visited 1 branch of the dungeon, and saw 11 of its levels.
You also visited: Sewer.

You collected 624 gold pieces.
You spent 310 gold pieces at shops.

Inventory:

Hand Weapons
 d - a +2 dagger of electrocution
 f - a +1 dagger of venom
Missiles
 A - 4 throwing nets
Armour
 a - a +0 animal skin
 j - a +2 pair of boots (melded)
 q - a +0 helmet (melded)
 w - a +0 pair of gloves of infusion (melded)
 y - a +0 cloak (melded)
 C - +0 acid dragon scales (melded)
Jewellery
 e - a ring of flight (right hand)
 k - a ring of resist corrosion (left hand)
Talismans
 c - a beast talisman
 F - a serpent talisman
Wands
 t - a wand of iceblast (8)
 u - a wand of quicksilver (11)
 D - a wand of paralysis (7)
Scrolls
 h - 3 scrolls of fear
 i - 8 scrolls of revelation {unknown}
 l - 5 scrolls of teleportation {unknown}
 m - 3 scrolls of enchant weapon {unknown}
 p - 2 scrolls of blinking
 s - a scroll of poison
 v - 2 scrolls of vulnerability
 B - 7 scrolls of noise {unknown}
 E - a scroll of immolation
 H - 2 scrolls of identify
 J - a scroll of enchant armour {unknown}
 K - a scroll of amnesia {unknown}
Potions
 b - 2 potions of lignification
 g - 7 potions of curing
 n - 4 potions of haste
 o - 2 potions of ambrosia
 r - 6 potions of brilliance {unknown}
 x - 2 potions of mutation
 z - a potion of might {unknown}
 I - a potion of resistance {unknown}
Miscellaneous
 G - a lightning rod (4/4)


   Skills:
 - Level 8.4 Fighting
 - Level 7.9 Short Blades
 - Level 7.3 Dodging
 - Level 14.2 Unarmed Combat
 - Level 3.6 Evocations
 + Level 9.7 Shapeshifting


You had 10 spell levels left.
You didn't know any spells.
Your spell library contained the following spells:

 Spells                   Type           Power      Damage    Failure   Level
 Blink                    Tloc           0%         N/A       47%         2
 Lesser Beckoning         Tloc           0%         N/A       47%         2
 Momentum Strike          Conj/Tloc      0%         3d8       47%         2
 Fireball                 Conj/Fire      0%         3d3       100%        5
 Iskenderun's Battlesphe  Conj           0%         2d6       100%        5
 Conjure Ball Lightning   Conj/Air       0%         3x3d6     100%        6
 Orb of Destruction       Conj           0%         9d5       100%        7


Dungeon Overview and Level Annotations

Branches:
Dungeon (11/15)            Temple (0/1) D:6            Lair (0/5) D:9
    Orc (0/2) D:9           Sewer (visited)

Altars:
Gozag
Makhleb
Trog
Wu Jian

Shops:
D:2 !   D:4 *   D:10 *


Innate Abilities, Weirdness & Mutations

You are an enormous anaconda.
You have a powerful constriction melee attack.
Your maximum health is increased.
Your armour is entirely melded.
You are incapable of wielding weapons or throwing items.
Your natural rate of healing is accelerated.
((You have razor-sharp teeth.))
You have supernaturally acute eyesight. (SInv)
You are afflicted with vampirism and can become a bat while bloodless.


Message History

You reach down and open the door.
There is an open door here.
You reach down and open the door.
There is an open door here.
There is an open door here.
There is an open door here.
An ettin is nearby!
An ettin is nearby!
Okay, then.
The ettin shouts in stereo!
A vampire comes into view.
You body-slam the ettin!!
The ettin is moderately wounded.
You body-slam the ettin!!
The ettin is severely wounded.
The ettin barely misses you. The ettin hits you but does no damage.
The vampire gestures wildly while chanting.
The vampire flickers and vanishes for a moment.
You lash the ettin!
The ettin is almost dead.
The ettin hits you with a +0 dire flail!!
The ettin hits you with a +0 dire flail!
You completely miss the ettin.
The ettin is almost dead.
The ettin closely misses you.
The ettin hits you with a +0 dire flail!!
* * * LOW HITPOINT WARNING * * *
A red film seems to cover your vision as you go berserk!
You feel yourself moving faster!
You feel mighty!
The ettin hits you with a +0 dire flail!!
* * * LOW HITPOINT WARNING * * *
The ettin hits you with a +0 dire flail!
* * * LOW HITPOINT WARNING * * *
You barely miss the ettin.
The ettin is almost dead.
You barely miss the ettin.
The ettin is almost dead.
The ettin misses you.
The ettin hits you with a +0 dire flail!!
You die...

#.............####.#.#.##
#...(............#.#...#.
#.............##.'.#####.
####.#############.......
#.## #####'## #..### #.##
##...## #... ###..### ###.
#####SC.# ## ##≈≈≈≈##.##
####### ##≈≈≈≈≈≈...#
#...... #≈≈≈.V≈≈≈..#
###......
#≈≈≈....≈≈≈.#####.'......
#≈≈≈.8..8.≈≈≈##.)..#......
#≈≈8##''##8≈≈#.)####......
≈≈≈# ....##≈≈≈.## #......
≈≈# ....##≈≈## #......


You could see an ettin and a vampire (invisible).

Vanquished Creatures
  Gastronok (D:8)
  3 two-headed ogres
  Pikel (D:8)
  2 cyclopes (D:11)
  A manticore (D:11)
  Maurice (D:9)
  Joseph (D:8)
  A gargoyle (D:10)
  3 kobold demonologists (D:11)
  Maggie (D:9)
  An unseen horror (D:10)
  A komodo dragon (D:11)
  A hornet (D:10)
  Prince Ribbit (D:6)
  2 trolls
  A shadow (D:11)
  A wyvern (D:9)
  2 wraiths
  Eustachio (D:4)
  13 yaks
  4 vampire mosquitoes (D:11)
  An acid dragon (D:10)
  A water moccasin (Sewer)
  2 orc warriors
  An ice beast (D:6)
  A black bear (D:5)
  5 ogres
  2 phantoms
  A centaur (D:9)
  5 kobold brigands
  6 bullfrogs
  4 scorpions
  5 wights (D:7)
  10 killer bees
  The ghost of spiderkeys the Gusty, a weakling DsWn (D:3)
  7 howler monkeys
  4 orc priests
  7 iguanas
  Natasha (twice) (D:3)
  2 sleepcaps
  8 orc wizards
  8 adders
  2 shadow imps
  4 white imps
  4 worms
  3 dart slugs
  24 orcs
  7 ball pythons
  14 bats
  3 endoplasms
  3 giant cockroaches
  5 goblins
  4 hobgoblins
  9 jackals
  28 kobolds
  3 frilled lizards
  3 rats
242 creatures vanquished.

Notes
Turn   | Place    | Note
-------+----------+-------------------------------------------
     0 | D:1      | Monkooky the Vampire Shapeshifter began the quest for the
                  | Orb.
     0 | D:1      | Reached XP level 1. HP: 16/16 MP: 1/1
    88 | D:1      | Reached skill level 1 in Short Blades
   152 | D:1      | Reached XP level 2. HP: 21/22 MP: 2/2
   698 | D:2      | Gained mutation: You are afflicted with vampirism and can
                  | become a bat while bloodless. [Vampire growth]
   698 | D:2      | Reached XP level 3. HP: 27/27 MP: 3/3
   871 | D:2      | Reached XP level 4. HP: 29/33 MP: 4/4
  1018 | D:2      | Found Effuec's Distillery.
  1026 | D:2      | Bought a potion of curing for 33 gold pieces
  1632 | D:3      | Found a glowing drain.
  1677 | Sewer    | Entered a sewer
  1716 | Sewer    | Noticed a water moccasin
  1727 | Sewer    | Killed a water moccasin
  1728 | Sewer    | Reached XP level 5. HP: 26/38 MP: 5/5
  1894 | D:2      | Bought a potion of ambrosia for 88 gold pieces
  2112 | D:3      | Found a faded altar of an unknown god.
  2115 | D:3      | Prayed at the altar of an unknown god.
  2115 | D:3      | Became a worshipper of Trog the Wrathful
  2115 | D:3      | Reached * piety under Trog
  2140 | D:3      | Noticed Natasha
  2147 | D:3      | Killed Natasha
  2188 | D:3      | Noticed Natasha
  2195 | D:3      | Killed Natasha
  2196 | D:3      | Reached XP level 6. HP: 37/44 MP: 6/6
  2227 | D:3      | Found a runed translucent gate.
  2227 | D:3      | Found a runed translucent gate.
  2227 | D:3      | Found a runed translucent gate.
  2307 | D:3      | Noticed spiderkeys's ghost (weakling DsWn)
  2320 | D:3      | Killed spiderkeys's ghost
  2354 | D:4      | Found Farch's General Store.
  2356 | D:4      | Bought a scroll of identify for 28 gold pieces
  2697 | D:4      | Found an ornate altar of the Wu Jian Council.
  2709 | D:4      | Noticed Eustachio
  2710 | D:4      | Reached XP level 7. HP: 46/49 MP: 7/7
  2721 | D:4      | Killed Eustachio
  2722 | D:4      | Reached skill level 5 in Unarmed Combat
  2766 | D:4      | Reached skill level 6 in Unarmed Combat
  2983 | D:5      | Entered Level 5 of the Dungeon
  3029 | D:5      | Reached skill level 7 in Unarmed Combat
  3194 | D:5      | Reached skill level 8 in Unarmed Combat
  3254 | D:5      | Reached ** piety under Trog
  3709 | D:5      | Reached skill level 9 in Unarmed Combat
  3709 | D:5      | Reached XP level 8. HP: 55/55 MP: 8/8
  3876 | D:6      | Reached skill level 10 in Unarmed Combat
  4180 | D:6      | Reached skill level 11 in Unarmed Combat
  4180 | D:6      | Noticed Prince Ribbit
  4194 | D:6      | Killed Prince Ribbit
  4195 | D:6      | Reached skill level 12 in Unarmed Combat
  4419 | D:6      | Found a staircase to the Ecumenical Temple.
  4557 | D:6      | Reached skill level 13 in Unarmed Combat
  5469 | D:4      | Bought a +0 pair of gloves of infusion for 161 gold pieces
  5580 | D:7      | Reached XP level 9. HP: 62/62 MP: 4/9
  6396 | D:8      | Reached skill level 5 in Fighting
  6547 | D:8      | Noticed Joseph
  6559 | D:8      | Killed Joseph
  6560 | D:8      | Reached skill level 5 in Dodging
  6662 | D:8      | Noticed Pikel
  6671 | D:8      | Killed Pikel
  6810 | D:8      | Reached *** piety under Trog
  6954 | D:8      | Noticed Gastronok
  6984 | D:8      | Killed Gastronok
  6985 | D:8      | Reached XP level 10. HP: 51/79 MP: 0/10
  7397 | D:9      | Noticed Maurice
  7413 | D:9      | Killed Maurice
  7637 | D:9      | Reached skill level 14 in Unarmed Combat
  7905 | D:9      | Noticed Maggie
  7981 | D:9      | Killed Maggie
  8251 | D:9      | Found a staircase to the Orcish Mines.
  8278 | D:9      | Reached **** piety under Trog
  8459 | D:9      | Reached skill level 1 in Evocations
  8578 | D:9      | Found a staircase to the Lair.
  8606 | D:9      | Found a burning altar of Makhleb.
  8853 | D:9      | Noticed a two-headed ogre
  8857 | D:9      | Killed a two-headed ogre
  8858 | D:9      | Reached XP level 11. HP: 87/87 MP: 11/11
  8893 | D:10     | Entered Level 10 of the Dungeon
  8907 | D:10     | Found an opulent altar of Gozag.
  9112 | D:10     | Found Joveaned's Assorted Antiques.
  9208 | D:10     | Paralysed by a hornet for 3 turns
  9282 | D:10     | Reached skill level 5 in Shapeshifting
  9755 | D:10     | Noticed a two-headed ogre
  9760 | D:10     | Killed a two-headed ogre
 10018 | D:11     | Noticed a two-headed ogre
 10047 | D:11     | Killed a two-headed ogre
 10620 | D:11     | Noticed an ettin
 10842 | D:11     | HP: 7/156 [ettin/+0 dire flail (9)]
 10844 | D:11     | Demolished by an ettin

Illustrated notes

Levels and vault maps discovered:
D:1:      eino_arrival_water_star, layout_basic
D:2:      layout_basic, serial_shops, nicolae_shop_industrial_runoff,
          minmay_tiny_reverse_x
D:3:      kennysheep_big_flooded_room, layout_basic,
          shapermc_ecumenical_altar_mp_vishouse, cheibrodos_sewer_entry_sluice,
          ebering_ghost_rock_garden, chequers_serial_rivers_micro_e,
          st_stairs_12, chequers_serial_rivers_marsh, uniq_natasha
D:4:      layout_basic, mainiacjoe_overflow_tiny_flanked, serial_shops, shop,
          nicolae_concentric_dashed_squares_mild, minmay_manual_mail,
          uniq_eustachio
D:5:      layout_basic
D:6:      layout_layer_cave, minmay_temple_entry_drinking_statues,
          uniq_prince_ribbit1
D:7:      nicolae_cairo_tiling_large, layout_cave_pools,
          nicolae_concentric_dashed_squares_wild, serial_bayou_pond_c
D:8:      layout_loops_ring, uniq_gastronok, uniq_joseph, uniq_pikel
D:9:      layout_cave_pods, kennysheep_mini, lair_entry_dummy, orc_0_dummy,
          kennysheep_generic_room_11, uniq_maurice, uniq_maggie
D:10:     layout_loops_cross, grunt_gozag_breadcrumbs, serial_shops,
          nicolae_shop_real_fake_doors
D:11:     layout_roguey, kennysheep_island_fort

Skill      XL: |  1  2  3  4  5  6  7  8  9 10 11 |
---------------+----------------------------------+-----
Short Blades   | 1 2 4 6 7 |  7.9
Unarmed Combat | 9 13 14 | 14.2
Fighting       | 2 7 8 |  8.4
Dodging        | 6 7 |  7.3
Shapeshifting  | 4 9 |  9.7
Evocations     | 2 3 |  3.6

Action                     |  1- 3 |  4- 6 |  7- 9 | 10-12 || total
---------------------------+-------+-------+-------+-------++-------
  Melee: Dagger            |    86 |   137 |    84 |       ||   307
         Punch             |     4 |     6 |    17 |    23 ||    50
         Unarmed           |     2 |     4 |   174 |   330 ||   510
         Bite              |    10 |    12 |    27 |    41 ||    90
         Constrict         |       |       |       |     6 ||     6
 Invoke: Berserk           |       |     1 |     5 |     6 ||    12
  Evoke: Lightning rod     |       |       |       |     3 ||     3
         Wand              |       |       |       |     1 ||     1
    Use: Potion            |       |     1 |       |       ||     1
         Scroll            |       |     2 |     6 |     1 ||     9
   Stab: Sleeping          |     1 |     3 |     1 |       ||     5
         Distracted        |       |     2 |       |       ||     2
         Paralysed         |       |       |       |     2 ||     2
 Armour: Animal skin       |     8 |    19 |    29 |    28 ||    84
         Skin              |       |     3 |       |     5 ||     8
         Acid dragon scale |       |       |       |    40 ||    40
  Dodge: Dodged            |    51 |    55 |   101 |   210 ||   417
         Form:             |       |       |     1 |       ||     1
         Anaconda          |       |       |       |     1 ||     1

Table legend: (Time is in decaauts)
 A = Elapsed time spent in this place.
 B = Non-inter-level travel time spent in this place.
 C = Inter-level travel time spent in this place.
 D = Time resting spent in this place.
 E = Time spent auto-exploring this place.
 F = Levels seen in this place.
 G = Mean time per level.
                   A        B        C        D        E       F      G
               +--------+--------+--------+--------+--------+-----+--------+
         Total |  10743 |  10225 |    518 |    728 |   7853 |  12 |  895.2 |
       Dungeon |  10598 |  10080 |    518 |    724 |   7764 |  11 |  963.5 |
         Sewer |    145 |    145 |      0 |      4 |     89 |   1 |  145.0 |
               +--------+--------+--------+--------+--------+-----+--------+

Top non-repeatable levels by time:
     D:6: 1449 daAuts
     D:9: 1303 daAuts
     D:8: 1229 daAuts
    D:10: 1008 daAuts
     D:5: 976 daAuts
    D:11: 915 daAuts
     D:7: 887 daAuts
     D:3: 776 daAuts
     D:2: 721 daAuts
     D:1: 683 daAuts
     D:4: 647 daAuts
   Sewer: 145 daAuts
